 Dungeon Crawl Stone Soup version 0.31-a0-978-g1e143483b6 (webtiles) character file.

Game seed: 12988052718971171443

51 Kuronicle the Insei (level 3, 0/27 HPs)
             Began as a Demonspawn Shapeshifter on Oct 30, 2023.
             Slain by a worm (8 damage)
             ... on level 2 of the Dungeon.
             The game lasted 00:04:03 (1488 turns).

Kuronicle the Insei (Demonspawn Shapeshifter)       Turns: 1488, Time: 00:04:04

Health: 0/27       AC:  5    Str: 14    XL:     3   Next: 58%
Magic:  3/3        EV: 11    Int: 11    God:
Gold:   98         SH:  0    Dex: 14    Spells: 2/2 levels left

rFire   . .          .
                       - Unarmed
rCold   . . .        (no shield)
rNeg    . . .        k - +0 ring mail
rPois   .            g - melded +0 helmet
rElec   .            (cloak currently unavailable)
rCorr   .            (gloves currently unavailable)
SInv    .            (boots currently unavailable)
Will    .....        (no amulet)
Stlth   +            (no ring)
HPRegen 0.24/turn    (no ring)
MPRegen 0.08/turn

%: no passive effects
@: beast-form
A: beast (slay +1), ignite blood 1
a: Begin Untransformation


You were on level 2 of the Dungeon.
You were a hulking beast.
You visited 1 branch of the dungeon, and saw 2 of its levels.

You collected 98 gold pieces.

Inventory:

Hand Weapons
 j - a +0 hand axe of electrocution
Armour
 g - a +0 helmet (melded)
 k - a +0 ring mail (worn)
Talismans
 c - a beast talisman (active)
 d - a flux talisman
 e - a blade talisman
Scrolls
 a - a scroll of teleportation {unknown}
 i - a scroll of silence {unknown}
Potions
 b - 2 potions of lignification
 f - a potion of brilliance
 h - a potion of attraction {unknown}
 l - a potion of enlightenment {unknown}


   Skills:
 * Level 1.9 Fighting
 * Level 0.2 Armour
 + Level 2.0 Dodging
 + Level 3.2 Unarmed Combat
 * Level 3.1 Shapeshifting


You had 2 spell levels left.
You didn't know any spells.
Your spell library was empty.

Dungeon Overview and Level Annotations

Branches:
Dungeon (2/15)

Altars:


Innate Abilities, Weirdness & Mutations

You are a hulking beast.
Your limbs bulge with bestial killing power. (Slay +1)
Your demonic aura sometimes causes spilled blood to erupt in flames.


Message History

The worm bites you.
You hit the worm.
The worm is almost dead.
You hit the worm.
You kill the worm!
No target in view!
No target in view!
You open the door.
There is an open door here.
A worm comes into view.
The worm bites you.
You hit the worm but do no damage. The worm bites you.
You hit the worm.
The worm is lightly wounded.
You barely miss the worm.
The worm is lightly wounded.
The worm bites you!
You barely miss the worm. You punch the worm.
The worm is moderately wounded.
You hit the worm.
The worm is heavily wounded.
The worm bites you.
You are too injured to fight recklessly!
You are too injured to fight recklessly!
You are too injured to fight recklessly!
You hit the worm.
The worm is heavily wounded.
You hit the worm.
The worm is heavily wounded.
The worm bites you.
* * * LOW HITPOINT WARNING * * *
You hit the worm.
The worm is severely wounded.
You barely miss the worm.
The worm is severely wounded.
The worm closely misses you.
You hit the worm.
The worm is severely wounded.
The worm bites you!
You die...

##.## #.# #.#### #.#
.....# ##'## .....#
##...## .....#
##....†## ##.....#
#.......## ##......
#.........####..w#.#
.'.........'....h...#
##.........####...#.#
##.......## ##.##
##.....## ### ##...##
##+#


You could see a worm.

Vanquished Creatures
  2 worms (D:2)
  A dart slug (D:1)
  An orc (D:2)
  5 ball pythons
  3 bats
  3 endoplasms
  A giant cockroach (D:1)
  5 goblins
  3 hobgoblins (D:1)
  2 jackals (D:1)
  A quokka (D:1)
  4 frilled lizards
  3 kobolds (D:1)
  6 rats
40 creatures vanquished.

Notes
Turn   | Place    | Note
-------+----------+-------------------------------------------
     0 | D:1      | Kuronicle the Demonspawn Shapeshifter began the quest for
                  | the Orb.
     0 | D:1      | Reached XP level 1. HP: 15/15 MP: 1/1
    48 | D:1      | Gained mutation: Your demonic aura sometimes causes spilled
                  | blood to erupt in flames. [demonic ancestry]
    48 | D:1      | Reached XP level 2. HP: 8/21 MP: 2/2
   394 | D:1      | Reached XP level 3. HP: 27/27 MP: 3/3
  1488 | D:2      | Slain by a worm

Illustrated notes

Levels and vault maps discovered:
D:1:      spicycebolla_arrival_xxxplode, layout_rooms
D:2:      layout_loops_corners, serial_shops, nicolae_shop_tiny_statue_garden,
          kennysheep_generic_room_8, uniq_sigmund

Skill      XL: |  1  2  3 |
---------------+----------+-----
Unarmed Combat | 3 |  3.2
Shapeshifting  | 3 |  3.1
Dodging        | 2 |  2.0
Fighting       | |  1.9
Armour         | |  0.2

Action                     || total
---------------------------++-------
  Melee: Unarmed           ||   123
         Punch             ||     7
    Use: Scroll            ||     1
   Stab: Sleeping          ||     2
 Armour: Animal skin       ||    37
         Leather armour    ||    17
         Ring mail         ||    11
  Dodge: Dodged            ||    64
   Form: Beast             ||     3
                           ||     2

Table legend: (Time is in decaauts)
 A = Elapsed time spent in this place.
 B = Non-inter-level travel time spent in this place.
 C = Inter-level travel time spent in this place.
 D = Time resting spent in this place.
 E = Time spent auto-exploring this place.
 F = Levels seen in this place.
 G = Mean time per level.
                   A        B        C        D        E       F      G
               +--------+--------+--------+--------+--------+-----+--------+
         Total |   1481 |   1464 |     17 |    184 |    976 |   2 |  740.5 |
       Dungeon |   1481 |   1464 |     17 |    184 |    976 |   2 |  740.5 |
               +--------+--------+--------+--------+--------+-----+--------+

Top non-repeatable levels by time:
     D:2: 814 daAuts
     D:1: 667 daAuts
